Map: [ESL] Oceanborn

Players

Scarlett - Winner!

  • Race: Zerg Zerg
  • Spawn Location: 11:00

Kelazhur

  • Race: Terran Terran
  • Spawn Location: 5:00

Event: ESL SC2 Masters 2024 Spring (Regional)

VOD

Have the link to the VOD?

Description

Time

  • Played on: April 19, 2024, 2:18 p.m.
  • Length: 14:21

All games in this series

Show
View Real Time Build Order
Export as new Build Order

Scarlett Zerg - Winner!

Build Orders: Hatch First 

Get SALT Encoding   

  12  0:00  Drone  
  13  0:12  Overlord  
  13  0:17  Drone  
  14  0:30  Drone x2  
  16  0:46  Hatchery  
  15  0:50  Drone  
  15  0:53  Drone  
  15  0:57  Drone  
  18  1:07  Extractor  
  17  1:11  Spawning Pool  
  17  1:15  Drone  
  17  1:19  Drone  
  18  1:28  Drone  
  19  1:38  Drone  
  20  1:48  Overlord  
  20  1:58  Queen x2  
  20  1:59  Zergling x4  
  26  2:12  Metabolic Boost, Drone x2  
  28  2:20  Drone  
  28  2:22  Drone  
  30  2:30  Spore Crawler  
  30  2:33  Drone  
  30  2:38  Queen x2  
  30  2:41  Overlord  
  30  2:42  Drone  
  35  2:56  Hatchery  
  34  3:01  Drone  
  34  3:02  Drone x2  
  37  3:06  Drone x3  
  37  3:10  Overlord  
  40  3:13  Drone  
  40  3:14  Drone  
  42  3:21  Drone  
  42  3:24  Overlord  
  43  3:29  Drone  
  43  3:30  Drone x3  
  43  3:32  Queen  
  49  3:39  Drone  
  50  3:44  Drone  
  50  3:46  Drone x5  
  50  3:47  Drone  
  57  3:53  Queen  
  57  3:54  Overlord  
  59  3:58  Overlord  
  59  4:05  Overlord  
  59  4:12  Zergling x4, Queen  
  59  4:16  Zergling x4  
  65  4:19  Zergling x12  
  65  4:21  Drone  
  72  4:27  Drone x2, Queen  
  76  4:32  Roach Warren  
  76  4:34  Drone  
  74  4:51  Drone x8  
  76  4:54  Spore Crawler  
  76  4:56  Spore Crawler, Lair  
  76  4:57  Spore Crawler, Drone x4  
  77  5:03  Drone x2  
  77  5:06  Drone  
  80  5:08  Extractor  
  80  5:09  Extractor x2  
  80  5:13  Overlord  
  80  5:14  Drone  
  78  5:15  Pneumatized Carapace  
  78  5:17  Drone  
  78  5:18  Hatchery  
  77  5:23  Roach x2  
  77  5:25  Roach  
  77  5:26  Roach x2, Overlord  
  77  5:27  Drone  
  88  5:29  Extractor  
  88  5:30  Overlord  
  88  5:33  Drone  
  88  5:36  Drone x5, Extractor  
  88  5:41  Evolution Chamber  
  90  5:42  Overlord  
  90  5:44  Evolution Chamber  
  90  5:45  Overlord  
  89  5:52  Drone x2  
  89  5:54  Overseer  
  89  5:55  Drone x2  
  89  5:56  Drone x2  
  95  5:57  Glial Reconstitution  
  95  6:00  Drone  
  96  6:04  Drone x4  
  96  6:09  Zerg Ground Armor Level 1, Zerg Missile Weapons Level 1  
  96  6:10  Drone x2  
  102  6:14  Overseer  
  102  6:17  Drone x4  
  106  6:20  Drone  
  107  6:29  Drone x5  
  112  6:36  Roach x4  
  112  6:37  Infestation Pit  
  119  6:43  Roach x4  
  127  6:51  Overlord x4  
  126  7:04  Hatchery  
  126  7:05  Drone x3  
  128  7:08  Extractor  
  128  7:09  Extractor  
  128  7:10  Queen  
  128  7:11  Spore Crawler  
  128  7:13  Drone  
  128  7:14  Drone x9  
  128  7:15  Hive  
  137  7:16  Infestor  
  137  7:20  Infestor x2  
  137  7:22  Baneling Nest  
  144  7:24  Ravager x3  
  145  7:34  Zergling x18  
  154  7:38  Hatchery  
  153  7:49  Overlord x2  
  153  7:50  Overlord x2  
  153  7:52  Zergling x14  
  153  7:54  Burrow  
  160  8:04  Zerg Ground Armor Level 2  
  160  8:05  Zerg Melee Weapons Level 1, Centrifugal Hooks  
  160  8:15  Zergling x14  
  160  8:16  Zergling x16  
  170  8:27  Roach  
  170  8:28  Roach x10  
  170  8:33  Zergling x4  
  183  8:36  Ultralisk Cavern, Adrenal Glands  
  182  8:41  Ravager x3  
  182  8:42  Ravager, Baneling x6  
  182  8:43  Zergling x6  
  182  8:47  Overlord x2  
  189  8:57  Spore Crawler  
  188  9:03  Zergling x14  
  188  9:05  Ravager x2  
  197  9:12  Baneling x10  
  197  9:18  Zergling x4  
  176  9:38  Drone x9  
  178  9:39  Chitinous Plating  
  178  9:41  Viper x2  
  178  9:43  Zergling x38  
  192  9:49  Ravager x4  
  192  9:50  Overlord  
  192  9:51  Zergling x4  
  198  9:55  Extractor  
  197  10:02  Overlord  
  197  10:11  Zergling x12  
  197  10:12  Hatchery  
  182  10:27  Ultralisk x3  
  187  10:51  Ultralisk  
  187  10:52  Ultralisk  
  187  10:53  Zerg Melee Weapons Level 2, Zerg Ground Armor Level 3  
  193  10:58  Anabolic Synthesis  
  192  11:06  Zergling x2, Ultralisk  
  192  11:08  Overseer x3  
  199  11:14  Extractor  
  199  11:18  Zergling x4  
  197  11:33  Zergling x4  
  197  11:38  Zergling x4  
  188  11:47  Ultralisk x2  
  188  11:52  Baneling x8  
  200  12:05  Zergling x6, Ultralisk x2  
  175  12:24  Zergling x22, Ultralisk x2  
  188  12:30  Ultralisk x2  
  199  12:57  Ultralisk  
  192  13:03  Zergling x12, Ultralisk x3  
  194  13:07  Hatchery  
  194  13:11  Zergling x2, Ultralisk x2  
  182  13:22  Zergling x36  
  200  13:29  Baneling x10  
  194  13:57  Zergling x16  
  194  14:03  Spire  
Show
View Real Time Build Order
Export as new Build Order

Kelazhur Terran 

Build Orders: Reaper Expand, Hellion Banshee 

Get SALT Encoding   

  12  0:00  SCV  
  13  0:12  SCV  
  14  0:16  Supply Depot  
  14  0:24  SCV  
  15  0:38  SCV  
  15  0:39  Barracks  
  16  0:43  Refinery  
  16  0:50  SCV  
  17  1:02  SCV  
  18  1:14  SCV  
  19  1:27  Orbital Command, Reaper  
  20  1:39  Command Center  
  20  1:52  SCV, Supply Depot  
  21  1:58  Marine  
  22  2:05  Factory  
  22  2:07  SCV  
  23  2:19  SCV  
  23  2:20  Barracks Reactor  
  24  2:31  SCV  
  25  2:40  Command Center  
  25  2:48  SCV  
  25  2:52  Orbital Command  
  25  3:00  SCV  
  25  3:03  Hellion  
  28  3:07  Starport  
  28  3:12  SCV  
  29  3:16  Refinery  
  29  3:17  Hellion  
  29  3:18  SCV  
  32  3:24  SCV  
  32  3:27  Hellion  
  35  3:29  Barracks Tech Lab  
  35  3:30  SCV  
  36  3:36  SCV  
  36  3:38  Hellion  
  39  3:43  SCV  
  40  3:51  Banshee, Hellion  
  40  3:52  SCV  
  40  3:53  Orbital Command  
  46  3:56  SCV  
  46  4:01  Hellion  
  49  4:04  SCV  
  49  4:08  SCV  
  51  4:12  Supply Depot, Hellion  
  51  4:13  Barracks Tech Lab  
  51  4:16  SCV  
  54  4:20  SCV  
  54  4:21  SCV  
  56  4:27  Engineering Bay  
  56  4:28  SCV, Engineering Bay  
  57  4:31  Marine  
  57  4:32  Stimpack  
  57  4:33  SCV x2  
  60  4:40  SCV  
  60  4:43  Barracks  
  60  4:45  SCV  
  58  4:49  Marine  
  58  4:52  SCV  
  56  4:55  Raven, Factory Reactor  
  56  4:56  SCV  
  56  4:59  Refinery, Barracks  
  57  5:00  SCV, Orbital Command  
  57  5:02  Refinery  
  59  5:07  Marine  
  59  5:08  SCV, Supply Depot  
  59  5:12  SCV, Barracks  
  59  5:13  Barracks  
  61  5:20  SCV  
  62  5:23  Terran Infantry Weapons Level 1, Terran Infantry Armor Level 1  
  62  5:24  SCV  
  62  5:25  Marine  
  62  5:26  SCV  
  65  5:31  Supply Depot, Marine  
  65  5:32  SCV, Marine  
  65  5:33  Supply Depot  
  68  5:36  SCV  
  68  5:38  SCV  
  68  5:41  Starport Reactor  
  70  5:43  Marine  
  70  5:44  SCV  
  70  5:48  SCV  
  73  5:50  Marine x2  
  73  5:51  SCV, Barracks Reactor  
  73  5:53  Siege Tank  
  73  5:56  SCV, Refinery  
  80  6:00  SCV, Supply Depot, Marine  
  80  6:03  SCV, Armory, Barracks Reactor x2  
  80  6:04  Supply Depot  
  83  6:07  Marine  
  83  6:08  Marine x2  
  83  6:09  SCV  
  87  6:12  SCV  
  87  6:13  Marine  
  87  6:15  SCV  
  90  6:18  Marine  
  90  6:22  SCV  
  90  6:24  Medivac, Combat Shield, Marine  
  90  6:25  Siege Tank, Marine  
  98  6:26  Marine  
  98  6:29  SCV  
  98  6:30  SCV  
  102  6:35  SCV, Supply Depot  
  102  6:36  Supply Depot, Marine x2  
  102  6:37  Medivac  
  102  6:39  Marine x2  
  109  6:51  Supply Depot  
  109  6:56  SCV x3, Marine x5  
  109  6:57  Command Center  
  109  6:58  Marine  
  109  7:00  Marine  
  118  7:04  Marine  
  120  7:09  Siege Tank  
  120  7:14  Supply Depot, Marine x5  
  128  7:16  Medivac, Supply Depot  
  128  7:17  Medivac, Marine  
  128  7:18  Terran Infantry Weapons Level 2  
  128  7:20  Terran Infantry Armor Level 2  
  132  7:31  Marine  
  132  7:34  Supply Depot  
  132  7:36  Marine x5  
  138  7:38  Supply Depot  
  138  7:39  Marine x3  
  138  7:43  Siege Tank  
  144  7:48  Marine  
  144  7:51  Factory  
  143  7:53  Medivac  
  143  7:54  Medivac, Marine x2  
  143  7:55  Marine x2  
  143  7:57  SCV x3  
  143  7:58  Refinery  
  154  7:59  Missile Turret  
  154  8:00  Marine  
  154  8:02  Supply Depot, Marine  
  156  8:06  Marine x3  
  156  8:11  Marine  
  156  8:12  Marine  
  160  8:20  Supply Depot  
  156  8:29  Marine  
  156  8:30  Marine  
  156  8:33  Marauder, Marine x4  
  144  8:34  Siege Tank  
  144  8:35  Factory Tech Lab  
  144  8:37  SCV x3  
  144  8:39  Terran Vehicle Weapons Level 1  
  149  8:45  Medivac x2  
  153  8:49  SCV  
  153  8:51  Orbital Command  
  153  8:53  Marine x8  
  153  8:54  Marine  
  163  9:01  Siege Tank  
  166  9:06  Siege Tank  
  166  9:09  SCV x3  
  172  9:10  Marine  
  172  9:11  Marine x2  
  172  9:17  Marine x6  
  172  9:28  Marine x3  
  167  9:33  Siege Tank  
  167  9:34  Medivac, Marine x4  
  167  9:35  Marine x2  
  167  9:36  Terran Infantry Weapons Level 3  
  172  9:38  Siege Tank  
  172  9:40  Barracks x2  
  172  9:42  Barracks  
  161  9:46  Sensor Tower, Marine x3  
  161  9:49  SCV  
  161  9:50  SCV x2  
  161  9:52  Marine x5  
  168  9:53  Marine  
  173  10:00  Orbital Command  
  173  10:01  Terran Infantry Armor Level 3  
  173  10:02  SCV  
  173  10:04  Marine x3  
  177  10:10  Marine x6  
  177  10:12  Siege Tank  
  159  10:21  SCV x3  
  159  10:22  Marine  
  159  10:25  Marine  
  159  10:28  Ghost Academy  
  163  10:29  Supply Depot  
  163  10:30  Supply Depot  
  163  10:31  Siege Tank, Marine  
  163  10:32  Marauder  
  168  10:45  Marine  
  168  10:48  SCV x3, Siege Tank  
  168  10:49  Orbital Command  
  160  10:58  Marine  
  160  11:00  SCV x2  
  160  11:01  SCV  
  160  11:03  Siege Tank, Terran Vehicle Weapons Level 2  
  165  11:05  Liberator x2  
  165  11:06  Barracks Tech Lab x3  
  171  11:22  Refinery, Marine x8  
  171  11:23  Marauder  
  171  11:25  Command Center  
  181  11:26  Siege Tank  
  178  11:37  Marine  
  178  11:38  Marauder  
  177  11:40  Marine x3  
  180  11:47  Siege Tank  
  180  11:48  Medivac, Marine  
  180  11:55  Command Center  
  180  11:59  Marine x4  
  180  12:00  Marine x3  
  180  12:01  Medivac, Marauder, Marine x3  
  180  12:04  Siege Tank  
  180  12:06  Marine  
  130  12:16  Marine x2  
  130  12:17  Marauder, Marine  
  130  12:18  Medivac, Marine x3  
  130  12:19  SCV x3, Siege Tank  
  138  12:30  Marine x3  
  138  12:31  Medivac, Marauder x2  
  138  12:32  Concussive Shells  
  138  12:36  Siege Tank  
  150  12:40  Marauder  
  150  12:43  Marine  
  150  12:44  Marauder  
  155  12:46  Marine  
  155  12:47  Marine  
  157  12:52  Siege Tank, Marauder  
  152  12:59  Orbital Command  
  152  13:00  Marauder  
  152  13:02  Marauder  
  152  13:04  Marine  
  152  13:05  Marauder  
  130  13:06  Marine  
  130  13:08  Siege Tank  
  112  13:20  Marauder, Marine x3  
  112  13:22  Marine  
  112  13:24  Siege Tank  
  121  13:29  Liberator  
  124  13:35  Marauder  
  124  13:40  Siege Tank  
  132  13:50  Marauder x2  
  126  13:56  Marine  
  126  13:57  Marauder x2, Marine  
Tags
 
Add a new tag
Caveats
  • Supply blocks, unpowered buildings, or Contaminate may cause inaccurate times.
  • Supply counts are checked every 10 seconds.